 Dungeon Crawl Stone Soup version 0.29.0-4-gdea44cf6ec (webtiles) character file.

Game seed: 9553055409941487885

12513 qw the Brawler (level 11, -3/109 HPs)
             Began as a Troll Cinder Acolyte on Sept 2, 2022.
             Was an Initiate of Okawaru.
             Slain by a meliai
             ... wielding a +0 hand axe
              (4 damage)
             ... on level 2 of the Lair of Beasts.
             The game lasted 00:04:40 (8928 turns).

qw the Brawler (Troll Cinder Acolyte)               Turns: 8928, Time: 00:04:41

Health: -3/109     AC:  9    Str: 28    XL:     11   Next: 63%
Magic:  11/11      EV:  9    Int: 10    God:    Okawaru [......]
Gold:   642        SH:  0    Dex:  5    Spells: 12/12 levels left

rFire   . . .      SeeInvis +     - Unarmed
rCold   . . .      Faith    .   (no shield)
rNeg    . . .      Spirit   .   a - +0 robe
rPois   .          Reflect  .   (helmet restricted)
rElec   .          Harm     .   (no cloak)
rCorr   .          Rampage  .   (gloves unavailable)
Will    .....                   (boots unavailable)
Stlth   +.........              (no amulet)
HPRegen 1.08/turn               g - ring of see invisible
MPRegen 0.12/turn               k - +4 ring of protection

@: lethally poisoned (-3 -> -16), about to teleport, marked, fire susceptible
A: large, unfitting armour, claws 3, regeneration 1, shaggy fur 2, tough skin 1,
horns 1
a: Renounce Religion


You were on level 2 of the Lair of Beasts.
You worshipped Okawaru.
Okawaru was noncommittal.
You visited 3 branches of the dungeon, and saw 12 of its levels.

You collected 642 gold pieces.


Innate Abilities, Weirdness & Mutations

You are too large for most types of armour.
You have claws for hands.
Your natural rate of healing is unusually fast.
You are covered in thick fur. (AC +2)
You have tough skin. (AC +1)
You have a pair of small horns on your head.


   Skills:
 - Level 7.0 Fighting
 - Level 4.2 Throwing
 - Level 2.2 Dodging
 + Level 16.0 Unarmed Combat
 - Level 1.0 Spellcasting
 - Level 2.1 Fire Magic


You had 12 spell levels left.
You didn't know any spells.
Your spell library contained the following spells:

 Spells                   Type           Power      Damage    Failure   Level
 Scorch                   Fire           8%         2d5       22%         2

Inventory:

Missiles
 b - 14 boomerangs
 l - 2 javelins (quivered)
Armour
 a - a +0 robe (worn)
Jewellery
 g - a ring of see invisible (left claw)
 h - a +6 ring of strength
 k - a +4 ring of protection (right claw)
Scrolls
 d - 2 scrolls of identify
 m - 4 scrolls of teleportation
Potions
 c - a potion of curing
 e - 4 potions of heal wounds
 f - 5 potions of mutation
 j - a potion of might
 o - a potion of cancellation

Dungeon Overview and Level Annotations

Branches:
Dungeon (9/15)             Temple (1/1) D:6            Lair (2/5) D:9
  Swamp: Lair:2-3    Shoals: Lair:2-3     Snake: Lair:2-3    Spider: Lair:2-3
    Orc: D:9-12

Altars:
Ashenzari
Cheibriados
Dithmenos
Gozag
Makhleb
Nemelex Xobeh
Okawaru
Qazlal
Sif Muna
Vehumet
Wu Jian
Yredelemnul
Zin
The Shining One

Shops:
D:1 [?

Annotations:
D:5 3 runed translucent doors, qw's ghost, novice TrCA


Message History

You feel sick.
A killer bee comes into view.
The killer bee barely misses you. The wyvern bites you!
The basilisk gazes at you. You resist with some effort.
The killer bee stings you but does no damage.
The meliai hits you with a +0 hand axe! The meliai stings you.
You are more poisoned.
The meliai poisons you!
You mangle the wyvern!!
You kill the wyvern!
Okawaru accepts your kill.
You feel very sick. The meliai hits you with a +0 hand axe.
The meliai stings you but does no damage.
A killer bee comes into view.
The killer bee stings you but does no damage.
A six-headed hydra comes into view.
You closely miss the meliai. Your headbutt misses the meliai.
Your claw misses the meliai.
You feel very sick. The meliai barely misses you.
The meliai stings you but does no damage.
The killer bee stings you.
8927 ||| Stepping ~*~*~tactically~*~*~ (outnumbered).
You feel very sick. The meliai closely misses you. The meliai stings you!
You are lethally poisoned!
The meliai poisons you!
The killer bee stings you but does no damage.
8928 ||| READING 5 scrolls of teleportation.
As you read the scroll of teleportation, it crumbles to dust.
You feel strangely unstable.
You feel very sick.
The killer bee stings you but does no damage.
The meliai calls down the wrath of its god upon you.
Something smites you!
The killer bee stings you but does no damage.
The meliai hits you with a +0 hand axe.
You die...

P#....... # ......... .
#........ .##........
### ..#.......# ###.#
...P..... #####P@y#
P.....# #.##.y.y##
#....### ##.....y..#
#....#.###.l........(.#
........#............#.
...........D..........ยค
.#.....................#
#.....#...#....(......##
#......#..##.^........#


You could see a six-headed hydra, a basilisk, a meliai and 3 killer bees.

Vanquished Creatures
  Harold (Lair:1)
  A hydra (Lair:1)
  A black mamba (Lair:1)
  4 cane toads (Lair:1)
  3 komodo dragons (Lair:1)
  A kobold demonologist (D:9)
  A rime drake (Lair:1)
  Grinder (D:4)
  6 blink frogs
  10 yaks
  A wraith (D:5)
  Eustachio (D:4)
  3 wyverns
  5 fire elementals (Lair:1)
  A steam dragon (D:8)
  Menkaure (D:5)
  4 water moccasins
  An acid dragon (D:9)
  3 orc warriors
  3 ice beasts
  A black bear (D:7)
  2 sky beasts (D:6)
  An ogre (D:5)
  4 centaurs
  15 kobold brigands
  4 bullfrogs
  3 scorpions
  14 killer bees
  3 electric eels (D:7)
  4 howler monkeys
  7 orc priests
  A hound (D:6)
  4 iguanas
  11 orc wizards
  12 adders
  A shadow imp (D:6)
  2 white imps
  An ufetubus (D:5)
  A worm (D:2)
  3 dart slugs
  47 orcs
  6 ball pythons
  10 endoplasms
  5 giant cockroaches
  8 goblins
  6 hobgoblins
  2 quokkas
  5 bats
  6 frilled lizards
  30 kobolds
  4 rats
275 creatures vanquished.

Vanquished Creatures (others)
  An orc wizard (D:9)
  5 fungi
  8 plants
14 creatures vanquished.

Grand Total: 289 creatures vanquished

Notes
Turn   | Place    | Note
-------+----------+-------------------------------------------
     0 | D:1      | qw the Troll Cinder Acolyte began the quest for the Orb.
     0 | D:1      | Reached XP level 1. HP: 22/22 MP: 1/1
     0 | D:1      | 0 ||| qw: Version: 0.1-a-97-g2dd2ca4
     0 | D:1      | 0 ||| qw: Game counter: 4903
     0 | D:1      | 0 ||| qw: Always use a shield: true
     0 | D:1      | 0 ||| qw: God list: Okawaru
     0 | D:1      | 0 ||| qw: Allow faded altars: false
     0 | D:1      | 0 ||| qw: Do Orc after D:15 true
     0 | D:1      | 0 ||| qw: Do second Lair branch before Depths: true
     0 | D:1      | 0 ||| qw: Lair rune preference: random
     0 | D:1      | 0 ||| qw: Plans: Normal
     0 | D:1      | 0 ||| PLANNING D:1-11
   156 | D:1      | Found Pufoel's Magic Scroll Boutique.
   160 | D:1      | Found Axiacki's Antique Armour Shoppe.
   168 | D:1      | 168 ||| SHOPLISTING 2 scrolls of identify (48 gold, have
                  | 21).
   168 | D:1      | 168 ||| SHOPLISTING scroll of enchant armour (90 gold, have
                  | 21).
   168 | D:1      | 168 ||| SHOPLISTING scroll of identify (24 gold, have 21).
   175 | D:1      | 175 ||| SHOPLISTING embroidered hat (203 gold, have 21).
   263 | D:1      | Reached XP level 2. HP: 29/29 MP: 2/2
   425 | D:1      | 425 ||| Stepping ~*~*~tactically~*~*~ (stealth).
   441 | D:1      | 441 ||| Stepping ~*~*~tactically~*~*~ (outnumbered).
   446 | D:1      | Reached skill level 4 in Unarmed Combat
   515 | D:1      | Found a faded altar of an unknown god.
   710 | D:1      | 710 ||| UPGRADING to ring of see invisible.
   711 | D:1      | 711 ||| READING 2 scrolls labelled PABAZUULAU.
   712 | D:1      | 712 ||| READING 2 scrolls labelled MUEGENUNUE.
   713 | D:1      | 713 ||| DRINKING 2 murky pink potions.
   714 | D:1      | 714 ||| DROPPING scroll of vulnerability.
   800 | D:2      | 800 ||| INVOKING Fiery Armour.
   802 | D:2      | Reached XP level 3. HP: 15/36 MP: 3/3
  1058 | D:2      | Reached skill level 5 in Unarmed Combat
  1058 | D:2      | Reached XP level 4. HP: 42/44 MP: 4/4
  1112 | D:2      | Found a snail-covered altar of Cheibriados.
  1465 | D:2      | 1465 ||| READING scroll labelled HUZICADWOBB.
  1466 | D:2      | 1466 ||| READING scroll labelled QUSEUR REFUI.
  1523 | D:3      | 1523 ||| Stepping ~*~*~tactically~*~*~ (hiding).
  1537 | D:3      | 1537 ||| Stepping ~*~*~tactically~*~*~ (hiding).
  1538 | D:3      | 1538 ||| Stepping ~*~*~tactically~*~*~ (hiding).
  1575 | D:3      | 1575 ||| Stepping ~*~*~tactically~*~*~ (stealth).
  1813 | D:3      | Reached XP level 5. HP: 50/50 MP: 5/5
  1958 | D:3      | 1958 ||| FLEEEEING.
  1959 | D:3      | 1959 ||| FLEEEEING.
  1961 | D:3      | 1961 ||| FLEEEEING.
  1962 | D:3      | 1962 ||| FLEEEEING.
  1970 | D:3      | Reached skill level 6 in Unarmed Combat
  1990 | D:3      | 1990 ||| Stepping ~*~*~tactically~*~*~ (hiding).
  2217 | D:3      | 2217 ||| READING 3 scrolls labelled GIOWUYK MIW IVE.
  2218 | D:3      | 2218 ||| READING scroll labelled PIEFIAMUNU.
  2319 | D:3      | 2319 ||| DROPPING 2 scrolls of noise.
  2579 | D:4      | 2579 ||| Stepping ~*~*~tactically~*~*~ (outnumbered).
  2595 | D:4      | Found a shimmering blue altar of Sif Muna.
  2595 | D:4      | Found a radiant altar of Vehumet.
  2710 | D:4      | 2710 ||| Stepping ~*~*~tactically~*~*~ (stealth).
  2734 | D:4      | Noticed Eustachio
  2745 | D:4      | Killed Eustachio
  2746 | D:4      | Reached skill level 7 in Unarmed Combat
  2746 | D:4      | Reached XP level 6. HP: 59/59 MP: 6/6
  2790 | D:4      | Found a glowing silver altar of Zin.
  2809 | D:4      | 2809 ||| Stepping ~*~*~tactically~*~*~ (stealth).
  2811 | D:4      | 2811 ||| Stepping ~*~*~tactically~*~*~ (hiding).
  2812 | D:4      | 2812 ||| Stepping ~*~*~tactically~*~*~ (hiding).
  2825 | D:4      | Noticed Grinder
  2828 | D:4      | 2828 ||| Stepping ~*~*~tactically~*~*~ (hiding).
  2838 | D:4      | Killed Grinder
  2839 | D:4      | Reached skill level 8 in Unarmed Combat
  2839 | D:4      | Reached XP level 7. HP: 52/66 MP: 7/7
  3105 | D:4      | 3105 ||| READING scroll labelled ZUWYXTU HUERR.
  3106 | D:4      | 3106 ||| READING scroll labelled ZAGGAU NAEN.
  3107 | D:4      | 3107 ||| READING scroll labelled ANIFRE WIASIM.
  3108 | D:4      | 3108 ||| DRINKING 2 lumpy emerald potions.
  3109 | D:4      | 3109 ||| DROPPING potion of magic.
  3110 | D:4      | 3110 ||| READING scroll of teleportation.
  3153 | D:5      | Entered Level 5 of the Dungeon
  3183 | D:5      | Reached skill level 3 in Fighting
  3229 | D:5      | Found a runed translucent gate.
  3229 | D:5      | Found a runed translucent gate.
  3229 | D:5      | Found a runed translucent gate.
  3310 | D:5      | Noticed Menkaure
  3316 | D:5      | Killed Menkaure
  3317 | D:5      | Reached skill level 9 in Unarmed Combat
  3363 | D:5      | Noticed qw's ghost (novice TrCA)
  3403 | D:5      | Reached skill level 1 in Throwing
  3406 | D:5      | 3406 ||| Stepping ~*~*~tactically~*~*~ (hiding).
  3407 | D:5      | 3407 ||| Stepping ~*~*~tactically~*~*~ (hiding).
  3408 | D:5      | 3408 ||| Stepping ~*~*~tactically~*~*~ (hiding).
  3415 | D:5      | 3415 ||| Stepping ~*~*~tactically~*~*~ (stealth).
  3424 | D:5      | 3424 ||| Stepping ~*~*~tactically~*~*~ (stealth).
  3434 | D:5      | 3434 ||| Stepping ~*~*~tactically~*~*~ (outnumbered).
  3436 | D:5      | 3436 ||| Stepping ~*~*~tactically~*~*~ (outnumbered).
  3437 | D:5      | 3437 ||| Stepping ~*~*~tactically~*~*~ (outnumbered).
  3438 | D:5      | 3438 ||| Stepping ~*~*~tactically~*~*~ (outnumbered).
  3439 | D:5      | 3439 ||| Stepping ~*~*~tactically~*~*~ (outnumbered).
  3440 | D:5      | 3440 ||| Stepping ~*~*~tactically~*~*~ (outnumbered).
  3444 | D:5      | Reached skill level 1 in Dodging
  3472 | D:5      | Reached XP level 8. HP: 73/75 MP: 8/8
  3539 | D:5      | 3539 ||| Stepping ~*~*~tactically~*~*~ (stealth).
  3544 | D:5      | 3544 ||| Stepping ~*~*~tactically~*~*~ (stealth).
  3553 | D:5      | 3553 ||| Stepping ~*~*~tactically~*~*~ (stealth).
  3561 | D:5      | 3561 ||| Stepping ~*~*~tactically~*~*~ (outnumbered).
  3563 | D:5      | 3563 ||| Stepping ~*~*~tactically~*~*~ (outnumbered).
  3564 | D:5      | 3564 ||| Stepping ~*~*~tactically~*~*~ (outnumbered).
  3565 | D:5      | 3565 ||| Stepping ~*~*~tactically~*~*~ (outnumbered).
  3566 | D:5      | 3566 ||| Stepping ~*~*~tactically~*~*~ (outnumbered).
  3567 | D:5      | 3567 ||| Stepping ~*~*~tactically~*~*~ (outnumbered).
  3572 | D:5      | 3572 ||| Stepping ~*~*~tactically~*~*~ (outnumbered).
  3576 | D:5      | 3576 ||| INVOKING Fiery Armour.
  3578 | D:5      | Reached skill level 10 in Unarmed Combat
  3676 | D:5      | 3676 ||| Stepping ~*~*~tactically~*~*~ (hiding).
  3680 | D:5      | 3680 ||| DRINKING 2 potions of curing.
  3680 | D:5      | 3680 ||| (to cure confusion)
  3865 | D:5      | 3865 ||| READING scroll labelled NEOBRA DIDULL.
  3866 | D:5      | 3866 ||| READING scroll labelled WIUNI EMNAAZEP OMP.
  3867 | D:5      | 3867 ||| READING scroll labelled ZOGEUMP SAORU.
  3868 | D:5      | 3868 ||| READING 2 scrolls of identify.
  3868 | D:5      | 3868 ||| IDENTIFYING grey potion
  3883 | D:6      | 3883 ||| STAIRDANCE
  3942 | D:6      | 3942 ||| STAIRDANCE
  3983 | D:6      | 3983 ||| STAIRDANCE
  3985 | D:5      | 3985 ||| Stepping ~*~*~tactically~*~*~ (outnumbered).
  3998 | D:5      | 3998 ||| INVOKING Fiery Armour.
  4236 | D:6      | Found a staircase to the Ecumenical Temple.
  4262 | D:6      | Reached XP level 9. HP: 84/84 MP: 9/9
  4396 | D:6      | 4396 ||| Stepping ~*~*~tactically~*~*~ (hiding).
  4401 | D:6      | Reached skill level 11 in Unarmed Combat
  4404 | D:6      | 4404 ||| Stepping ~*~*~tactically~*~*~ (stealth).
  4567 | D:6      | 4567 ||| Stepping ~*~*~tactically~*~*~ (hiding).
  4568 | D:6      | 4568 ||| Stepping ~*~*~tactically~*~*~ (hiding).
  4781 | D:6      | 4781 ||| Stepping ~*~*~tactically~*~*~ (hiding).
  4786 | D:6      | Reached skill level 3 in Throwing
  4806 | D:6      | 4806 ||| UPGRADING to +4 ring of protection.
  4807 | D:6      | 4807 ||| READING 2 scrolls labelled ZURAAVAARI.
  4808 | D:6      | 4808 ||| DRINKING 2 orange potions.
  4809 | D:6      | 4809 ||| READING 2 scrolls of identify.
  4809 | D:6      | 4809 ||| IDENTIFYING fuming brown potion
  4810 | D:6      | 4810 ||| DROPPING potion of lignification.
  4811 | D:6      | 4811 ||| DROPPING potion of flight.
  4812 | D:6      | 4812 ||| DROPPING scroll of fear.
  4961 | D:7      | 4961 ||| Stepping ~*~*~tactically~*~*~ (outnumbered).
  4962 | D:7      | 4962 ||| Stepping ~*~*~tactically~*~*~ (hiding).
  4972 | D:7      | 4972 ||| Stepping ~*~*~tactically~*~*~ (stealth).
  4974 | D:7      | 4974 ||| Stepping ~*~*~tactically~*~*~ (stealth).
  4990 | D:7      | 4990 ||| FLEEEEING.
  5285 | D:7      | 5285 ||| INVOKING Fiery Armour.
  5289 | D:7      | Reached skill level 12 in Unarmed Combat
  5409 | D:7      | 5409 ||| Stepping ~*~*~tactically~*~*~ (hiding).
  5438 | D:7      | 5438 ||| Stepping ~*~*~tactically~*~*~ (outnumbered).
  5860 | D:7      | 5860 ||| READING scroll labelled EHUOMM ROANOJO.
  5861 | D:7      | 5861 ||| DRINKING 2 lumpy blue potions.
  5900 | D:8      | 5900 ||| Stepping ~*~*~tactically~*~*~ (stealth).
  5902 | D:8      | 5902 ||| Stepping ~*~*~tactically~*~*~ (stealth).
  5905 | D:8      | 5905 ||| Stepping ~*~*~tactically~*~*~ (stealth).
  5946 | D:8      | 5946 ||| Stepping ~*~*~tactically~*~*~ (hiding).
  5952 | D:8      | 5952 ||| Stepping ~*~*~tactically~*~*~ (hiding).
  5956 | D:8      | 5956 ||| Stepping ~*~*~tactically~*~*~ (outnumbered).
  5992 | D:8      | 5992 ||| Stepping ~*~*~tactically~*~*~ (hiding).
  5997 | D:8      | 5997 ||| INVOKING Fiery Armour.
  6132 | D:8      | 6132 ||| INVOKING Fiery Armour.
  6135 | D:8      | 6135 ||| Stepping ~*~*~tactically~*~*~ (outnumbered).
  6136 | D:8      | 6136 ||| Stepping ~*~*~tactically~*~*~ (outnumbered).
  6137 | D:8      | 6137 ||| Stepping ~*~*~tactically~*~*~ (outnumbered).
  6170 | D:8      | Reached skill level 13 in Unarmed Combat
  6170 | D:8      | Reached XP level 10. HP: 93/96 MP: 10/10
  6468 | D:8      | 6468 ||| DROPPING ring of wizardry.
  6469 | D:8      | 6469 ||| DRINKING 4 lumpy dark potions.
  6469 | D:8      | Gained mutation: You are weak. (Str -2) [potion of
                  | mutation]
  6469 | D:8      | Gained mutation: You are covered in thick fur. (AC +2)
                  | [potion of mutation]
  6469 | D:8      | Gained mutation: You have a pair of small horns on your
                  | head. [potion of mutation]
  6469 | D:8      | Lost mutation: You are weak. (Str -2) [potion of mutation]
  6470 | D:8      | 6470 ||| READING 2 scrolls of identify.
  6470 | D:8      | 6470 ||| IDENTIFYING fizzy coppery potion
  6471 | D:8      | 6471 ||| DROPPING potion of berserk rage.
  6538 | D:9      | 6538 ||| INVOKING Fiery Armour.
  6540 | D:9      | 6540 ||| Stepping ~*~*~tactically~*~*~ (outnumbered).
  6683 | D:9      | 6683 ||| Stepping ~*~*~tactically~*~*~ (outnumbered).
  6698 | D:9      | 6698 ||| INVOKING Fiery Armour.
  6781 | D:9      | 6781 ||| Stepping ~*~*~tactically~*~*~ (stealth).
  6784 | D:9      | 6784 ||| Stepping ~*~*~tactically~*~*~ (hiding).
  6797 | D:9      | Found a shadowy altar of Dithmenos.
  6896 | D:9      | Found a staircase to the Lair.
  6961 | D:9      | 6961 ||| INVOKING Fiery Armour.
  6963 | D:9      | 6963 ||| Stepping ~*~*~tactically~*~*~ (outnumbered).
  6982 | D:9      | Reached skill level 14 in Unarmed Combat
  7029 | D:9      | Identified the +4 spear of Untruth {vamp, rN+}
  7047 | D:9      | 7047 ||| Stepping ~*~*~tactically~*~*~ (outnumbered).
  7052 | D:9      | 7052 ||| Stepping ~*~*~tactically~*~*~ (outnumbered).
  7053 | D:9      | 7053 ||| Stepping ~*~*~tactically~*~*~ (outnumbered).
  7054 | D:9      | 7054 ||| Stepping ~*~*~tactically~*~*~ (outnumbered).
  7056 | D:9      | 7056 ||| Stepping ~*~*~tactically~*~*~ (outnumbered).
  7193 | D:9      | 7193 ||| INVOKING Fiery Armour.
  7206 | D:9      | Reached skill level 6 in Fighting
  7294 | D:9      | 7294 ||| PLANNING LAIR
  7294 | D:9      | 7294 ||| READING 2 scrolls of identify.
  7294 | D:9      | 7294 ||| IDENTIFYING emerald potion
  7318 | Lair:1   | Entered Level 1 of the Lair of Beasts
  7334 | Lair:1   | Noticed a seven-headed hydra
  7335 | Lair:1   | 7335 ||| INVOKING Fiery Armour.
  7338 | Lair:1   | Killed an eight-headed hydra
  7339 | Lair:1   | Reached skill level 15 in Unarmed Combat
  7401 | Lair:1   | 7401 ||| Stepping ~*~*~tactically~*~*~ (outnumbered).
  7410 | Lair:1   | Reached XP level 11. HP: 105/105 MP: 11/11
  7414 | Lair:1   | Found a glowing silver altar of Zin.
  7513 | Lair:1   | 7513 ||| INVOKING Fiery Armour.
  7576 | Lair:1   | Noticed Harold
  7586 | Lair:1   | Killed Harold
  7723 | Lair:1   | 7723 ||| Stepping ~*~*~tactically~*~*~ (stealth).
  7724 | Lair:1   | 7724 ||| Stepping ~*~*~tactically~*~*~ (stealth).
  7726 | Lair:1   | 7726 ||| Stepping ~*~*~tactically~*~*~ (stealth).
  7727 | Lair:1   | 7727 ||| Stepping ~*~*~tactically~*~*~ (stealth).
  7728 | Lair:1   | 7728 ||| Stepping ~*~*~tactically~*~*~ (stealth).
  7952 | Lair:1   | Reached skill level 16 in Unarmed Combat
  8116 | Lair:1   | 8116 ||| Stepping ~*~*~tactically~*~*~ (stealth).
  8122 | Lair:1   | 8122 ||| Stepping ~*~*~tactically~*~*~ (outnumbered).
  8367 | Lair:1   | 8367 ||| PLANNING TEMPLE
  8452 | Temple   | Entered the Ecumenical Temple
  8453 | Temple   | 8453 ||| PLANNING CONVERSION TO OKAWARU
  8460 | Temple   | Fell from the grace of Ignis
  8460 | Temple   | Became a worshipper of Warmaster Okawaru
  8461 | Temple   | 8461 ||| PLANNING LAIR
  8553 | Lair:2   | 8553 ||| STAIRDANCE
  8587 | Lair:2   | 8587 ||| STAIRDANCE
  8591 | Lair:2   | 8591 ||| STAIRDANCE
  8636 | Lair:1   | 8636 ||| DRINKING 2 potions of curing.
  8636 | Lair:1   | 8636 ||| (to cure confusion)
  8704 | Lair:2   | 8704 ||| STAIRDANCE
  8761 | Lair:2   | 8761 ||| STAIRDANCE
  8820 | Lair:2   | 8820 ||| STAIRDANCE
  8926 | Lair:2   | Noticed a six-headed hydra
  8927 | Lair:2   | 8927 ||| Stepping ~*~*~tactically~*~*~ (outnumbered).
  8927 | Lair:2   | HP: 26/109 [poisoned by a meliai]
  8928 | Lair:2   | 8928 ||| READING 5 scrolls of teleportation.
  8928 | Lair:2   | HP: 12/109 [poisoned by a meliai]
  8928 | Lair:2   | HP: 1/109 [meliai/divine providence (11)]
  8928 | Lair:2   | Slain by a meliai

Levels and vault maps discovered:
D:1:      kilobyte_arrival_exit_the_forest, layout_basic, serial_shops, shop,
          shop, ebering_ecumenical_altar_sacrificial,
          minmay_misc_feat_nine_boxes
D:2:      layout_basic, basic_altar
D:3:      layout_loops_ring
D:4:      cheibrodos_helix_gallery, layout_basic, general_overflow_altar,
          jmf_multi_god_temple, uniq_grinder, uniq_eustachio
D:5:      layout_basic, gammafunk_ghost_icy, uniq_menkaure
D:6:      layout_loops_ring, minmay_temple_entry_trees
D:7:      layout_basic, serial_bayou, serial_bayou_ford_a, serial_bayou_shore_b,
          serial_bayou_pond_e, serial_bayou_shore_a
D:8:      layout_basic, minivault_5
D:9:      layout_roguey [special_room_kobold],
          mainiacjoe_overflow_six_doors_small, lair_entry_dummy
Temple:   eino_narrow_crystal_temple
Lair:1:   layout_roguey, basic_altar, uniq_harold
Lair:2:   layout_cave_pods, swamp_mist, hellmonk_spider_entry_not_the_bees

Skill      XL: |  1  2  3  4  5  6  7  8  9 10 11 |
---------------+----------------------------------+-----
Unarmed Combat | 4 5 7 8 9 10 13 15 16 | 16.0
Fighting       | 3 4 5 6 7 |  7.0
Throwing       | 1 2 3 4 |  4.2
Dodging        | 1 2 |  2.2
Spellcasting   | |  1.0
Fire Magic     | |  2.1

Action                   |  1- 3 |  4- 6 |  7- 9 | 10-12 || total
-------------------------+-------+-------+-------+-------++-------
Melee: Unarmed           |    62 |   108 |   234 |   249 ||   653
       Punch             |     1 |     1 |    11 |    12 ||    25
       Headbutt          |       |       |       |    29 ||    29
Throw: Boomerang         |    19 |    58 |    32 |       ||   109
       Javelin           |       |       |    36 |    26 ||    62
Invok: Fiery Armour      |     1 |       |     5 |     6 ||    12
  Use: Scroll            |     2 |     4 |    11 |     3 ||    20
       Potion            |     1 |       |     4 |     2 ||     7
Armor: Robe              |    26 |    13 |    72 |   112 ||   223
Dodge: Dodged            |    31 |    30 |    96 |    97 ||   254

Table legend:
 A = Non-vault XP
 B = Vault XP
 C = Vault XP percentage of total XP
 D = Non-vault monster count
 E = Vault monster count
 F = Vault count percentage of total count
                 A         B        C        D         E       F
            +---------+---------+-------+---------+---------+-------
      Total |   14860 |    3016 |  16.9 |     237 |      34 |  12.5
            +---------+---------+-------+---------+---------+-------
        D:1 |      32 |       0 |   0.0 |      19 |       0 |   0.0
        D:2 |     119 |       0 |   0.0 |      26 |       0 |   0.0
        D:3 |     131 |       0 |   0.0 |      21 |       0 |   0.0
        D:4 |     158 |     530 |  77.0 |      15 |       6 |  28.6
        D:5 |    1140 |     169 |  12.9 |      28 |       1 |   3.4
        D:6 |     760 |       0 |   0.0 |      15 |       0 |   0.0
        D:7 |    1136 |       0 |   0.0 |      23 |       0 |   0.0
        D:8 |    1579 |       0 |   0.0 |      37 |       0 |   0.0
        D:9 |    2222 |    1431 |  39.2 |      27 |      26 |  49.1
     Lair:1 |    6757 |     886 |  11.6 |      22 |       1 |   4.3
     Lair:2 |     826 |       0 |   0.0 |       4 |       0 |   0.0
            +---------+---------+-------+---------+---------+-------
